AoeStats
← Jorf

MegaRandom

508142143Analyzed
4v4 RM · 10d ago on Sep 21, 2026· 74m 6s· 8 players
Game mode
Random Map
Map size
Large (8 player)
Population
200
Speed
Normal
Resources
Standard
Victory
Conquest
Starting age
Dark Age
Ending age
Imperial Age
RankedLock teamsTeams togetherTeam positionsShared explorationLock speedFull tech treeHidden civsTurbo modeCheats
Victory
Defeat
🇲🇽 Poles · Mexico
696
+18
🇲🇽 Turks · Mexico
695
+18
🇺🇸 Georgians · United States
671
+19
🇧🇷 Byzantines · Brazil
630
+20
🇫🇷 Mongols · France
881
-25
🇻🇳 Britons · Vietnam
860
-24
🇧🇷 Tatars · Brazil
689
-17
🇺🇸 Romans · United States
489
-9
Jorf
5:30 Loom
13:23 Feudal Age
22:39 Double-Bit Axe
30:31 Castle Age
33:38 Gold Mining
34:15 Bow Saw
33:49 Horse Collar
33:33 Elite Skirmisher
38:12 Heavy Plow
39:12 Pikeman
40:03 Padded Archer Armor
39:57 Fletching
41:06 Stone Mining
42:14 Wheelbarrow
46:02 Fortified Wall
46:14 Ballistics
52:18 Imperial Age
55:58 Chemistry
56:36 Conscription
56:20 Bodkin Arrow
56:41 Leather Archer Armor
63:17 Caravan
63:48 Coinage
63:28 Guilds
dudu_14040_r6
10:51 Loom
14:00 Feudal Age
14:39 Horse Collar
14:46 Double-Bit Axe
21:45 Castle Age
22:54 Bow Saw
22:46 Heavy Plow
23:31 Gold Mining
24:16 Forging
24:12 Scale Barding Armor
24:07 Scale Mail Armor
25:59 Szlachta Privileges
32:51 Wheelbarrow
34:20 Bloodlines
34:11 Husbandry
34:37 Hand Cart
34:26 Stone Mining
37:12 Stone Shaft Mining
39:19 Imperial Age
36:37 Light Cavalry
38:50 Iron Casting
38:36 Chain Barding Armor
38:32 Chain Mail Armor
40:25 Cavalier
41:34 Lechitic Legacy
41:35 Conscription
43:30 Blast Furnace
43:01 Plate Mail Armor
42:21 Winged Hussar
46:14 Elite Obuch
47:29 Hoardings
58:44 Crop Rotation
71:25 Spies/Treason
JimbowXP
13:07 Feudal Age
11:22 Loom
13:57 Double-Bit Axe
14:56 Horse Collar
22:37 Castle Age
21:25 Gold Mining
22:26 Bloodlines
23:05 Stone Mining
24:26 Forging
26:04 Bow Saw
34:52 Caravan
37:18 Wheelbarrow
39:31 Imperial Age
37:31 Fortified Wall
37:42 Ballistics
40:17 Hand Cart
40:38 Coinage
40:21 Padded Archer Armor
40:13 Fletching
40:06 Treadmill Crane
41:26 Artillery
41:49 Conscription
41:59 Guilds
42:20 Heavy Plow
43:24 Leather Archer Armor
43:04 Bodkin Arrow
42:31 Elite Janissary
46:01 Ring Archer Armor
45:32 Bracer
45:38 Scale Barding Armor
45:45 Forging
48:32 Banking
49:14 Chain Barding Armor
50:18 Heavy Scorpion
70:56 Spies/Treason
Grandma's Boy
6:02 Loom
14:05 Feudal Age
15:52 Double-Bit Axe
16:06 Horse Collar
16:51 Gold Mining
19:52 Wheelbarrow
20:35 Wheelbarrow
20:34 Bloodlines
21:07 Stone Mining
23:50 Castle Age
22:14 Fletching
22:27 Stone Mining
23:47 Bloodlines
24:40 Forging
24:57 Bow Saw
24:49 Heavy Plow
25:00 Scale Mail Armor
25:29 Husbandry
26:21 Hand Cart
25:55 Town Watch
27:28 Pikeman
28:09 Squires
28:09 Bodkin Arrow
28:30 Chain Mail Armor
28:15 Padded Archer Armor
29:33 Town Patrol
30:53 Leather Archer Armor
31:14 Iron Casting
30:45 Scale Barding Armor
31:29 Stone Shaft Mining
31:09 Arson
31:00 Elite Skirmisher
35:01 Light Cavalry
38:04 Chain Barding Armor
39:08 Guard Tower
39:39 Ballistics
39:31 Masonry
39:18 Murder Holes
39:37 Svan Towers
43:16 Imperial Age
44:03 Bracer
44:38 Plate Barding Armor
45:04 Blast Furnace
44:37 Plate Mail Armor
44:50 Aznauri Cavalry
45:05 Conscription
44:48 Hussar
46:40 Architecture
47:12 Chemistry
48:38 Keep
48:09 Siege Engineers
47:50 Arrowslits
48:14 Siege Engineers
55:08 Coinage
EPYON182
0:46 Loom
11:18 Feudal Age
11:28 Man-at-Arms
16:25 Wheelbarrow
15:46 Double-Bit Axe
20:19 Horse Collar
20:48 Scale Mail Armor
20:59 Forging
25:24 Stone Mining
25:32 Gold Mining
28:44 Castle Age
31:24 Heavy Plow
32:04 Gold Shaft Mining
31:49 Chain Mail Armor
30:59 Long Swordsman
31:41 Squires
33:27 Town Watch
33:57 Hand Cart
35:13 Bow Saw
37:52 Iron Casting
39:03 Pikeman
41:29 Ballistas
44:56 Imperial Age
44:15 Masonry
47:24 Legionary
66:20 Heavy Scorpion
Carpeado BR
0:28 Loom
11:03 Feudal Age
13:24 Double-Bit Axe
15:19 Gold Mining
15:44 Horse Collar
20:58 Castle Age
19:34 Wheelbarrow
19:26 Fletching
19:46 Scale Barding Armor
21:45 Bodkin Arrow
21:52 Padded Archer Armor
32:48 Bow Saw
35:45 Caravan
36:03 Stone Mining
36:49 Gold Shaft Mining
36:39 Heavy Plow
36:49 Town Watch
41:04 Imperial Age
38:53 Husbandry
42:31 Hand Cart
42:58 Timurid Siegecraft
42:50 Silk Armor
43:11 Conscription
42:21 Elite Keshik
45:02 Crop Rotation
44:04 Heavy Cavalry Archer
44:49 Bracer
45:04 Leather Archer Armor
47:07 Ring Archer Armor
46:59 Chain Barding Armor
49:16 Ballistics
49:57 Chemistry
49:09 Masonry
49:11 Fortified Wall
49:08 Siege Engineers
55:24 Squires
55:12 Arson
63:24 Light Cavalry
64:16 Bloodlines
francis le tueur
9:48 Feudal Age
11:34 Double-Bit Axe
19:35 Wheelbarrow
18:47 Horse Collar
19:05 Gold Mining
26:07 Castle Age
26:10 Stone Mining
26:34 Loom
31:58 Caravan
33:39 Stone Shaft Mining
33:45 Gold Shaft Mining
33:24 Bow Saw
33:17 Heavy Plow
33:38 Hand Cart
33:09 Town Watch
33:35 Fletching
33:46 Padded Archer Armor
35:47 Ballistics
35:40 Fortified Wall
37:12 Bodkin Arrow
37:32 Leather Archer Armor
37:32 Bloodlines
37:23 Husbandry
37:42 Masonry
42:14 Imperial Age
43:21 Conscription
43:30 Drill
43:35 Elite Mangudai
46:43 Chemistry
46:45 Bracer
50:29 Capped Ram
GANADO
10:03 Feudal Age
11:24 Double-Bit Axe
23:15 Castle Age
21:56 Horse Collar
22:17 Gold Mining
24:16 Wheelbarrow
27:05 Stone Mining
28:16 Fletching
29:09 Bodkin Arrow
31:29 Pikeman
32:49 Yeomen
33:12 Fervor
33:23 Sanctity
36:48 Masonry
37:32 Caravan
41:00 Imperial Age
39:44 Ballistics
41:05 Hand Cart
40:52 Heavy Plow
42:10 Bow Saw
42:43 Bracer
44:22 Halberdier
45:02 Squires
44:56 Elite Longbowman
47:19 Padded Archer Armor
50:06 Chemistry
51:30 Leather Archer Armor
52:38 Warwolf
59:27 Conscription
59:51 Ring Archer Armor
59:23 Scale Mail Armor
Connection lost

Rejoining the realm…

Still unreachable

The connection could not be restored.

Session expired

The server has moved on; the page needs a fresh start.